 Dungeon Crawl Stone Soup version 0.22.1-2-g9c5b331383 (webtiles) character file.

2600 Jynx the Geomancer (level 9, -9/45 HPs)
             Began as a Gargoyle Earth Elementalist on Nov 16, 2018.
             Was a Follower of Ashenzari.
             Mangled by Grum
             ... wielding a -1 spear
              (13 damage)
             ... on level 8 of the Dungeon.
             The game lasted 00:16:44 (8741 turns).

Jynx the Geomancer (Gargoyle Earth Elementalist)    Turns: 8741, Time: 00:16:45

Health: -9/45      AC: 12    Str: 12    XL:     9   Next: 59%
Magic:  13/18      EV: 12    Int: 20    God:    Ashenzari [*.....]
Gold:   368        SH:  0    Dex: 14    Spells: 5/20 levels left

rFire    . . .     SeeInvis +   v - +2 dagger (drain) (curse)
rCold    . . .     Gourm    .   (no shield)
rNeg     + . .     Faith    .   c - +0 robe
rPois    ∞         Spirit   .   j - +1 helmet {SInv}
rElec    +         Reflect  .   s - +0 cloak
rCorr    .         Harm     +   x - +0 pair of gloves
MR       .....     Clarity  +   (no boots)
Stlth    +++.......             a - amulet of harm
HPRegen  0.15/turn              g - ring of stealth
MPRegen  0.16/turn              E - +3 ring of intelligence

@: no status effects
A: agile 1, clarity, negative energy resistance 1, electricity resistance,
unbreathing, petrification resistance, rot immunity, MP-powered wands, AC +6
a: Curse Item, Scrying, Renounce Religion


You were on level 8 of the Dungeon.
You worshipped Ashenzari.
Ashenzari was aware of your devotion.
You were not hungry.

You visited 2 branches of the dungeon, and saw 9 of its levels.
You also visited: Ossuary.

You collected 540 gold pieces.
You spent 172 gold pieces at shops.

Inventory:

Hand Weapons
 v - a cursed +2 dagger of draining (weapon)
Missiles
 b - 85 stones (quivered)
Armour
 c - a +0 robe (worn)
 j - a +1 helmet of see invisible (worn)
 s - a +0 cloak (worn)
 x - a +0 pair of gloves (worn)
Jewellery
 a - an amulet of harm (around neck)
 g - a ring of stealth (left hand)
 i - an uncursed ring of resist corrosion
 o - an uncursed ring of positive energy
 C - an uncursed ring of positive energy
 E - a +3 ring of intelligence (right hand)
Wands
 n - a wand of polymorph (25)
 u - a wand of iceblast (8)
 G - a wand of scattershot (2)
Scrolls
 h - 3 scrolls of fog
 m - 3 scrolls of teleportation
 p - a scroll of blinking
 w - a scroll of enchant armour {unknown}
 y - a scroll of immolation
 z - 2 scrolls of remove curse
 D - a scroll of amnesia
 H - 2 scrolls of fear
Potions
 e - 6 potions of heal wounds
 k - 4 potions of curing
 l - 3 potions of lignification
 r - 4 potions of agility
 t - 6 potions of brilliance
 A - a potion of might {unknown}
 B - 3 potions of flight
 F - 2 potions of cancellation
Comestibles
 d - 20 rations
 f - 2 chunks of flesh


   Skills:
 + Level 5.2 Short Blades
 - Level 1.5 Dodging
 - Level 2.1 Stealth
 + Level 6.2 Spellcasting
 - Level 0.7 Transmutations
 * Level 11.4 Earth Magic


You had 5 spell levels left.
You knew the following spells:

 Your Spells              Type           Power        Failure   Level  Hunger
a - Sandblast             Erth           ######       1%          1    None
b - Passwall              Tmut/Erth      ####....     1%          2    None
c - Petrify               Tmut/Erth      ####....     9%          4    ####...
d - Lee's Rapid Deconstr  Erth           ######....   2%          5    #####..
e - Stone Arrow           Conj/Erth      ####..       3%          3    ##.....

Your spell library contained the following spells:

 Spells                   Type           Power        Failure   Level  Hunger


Dungeon Overview and Level Annotations

Branches:
Dungeon (8/15)             Temple (1/1) D:5
   Lair: D:8-11

Altars:
Ashenzari
Cheibriados
Dithmenos
Fedhas
Hepliaklqana
Kikubaaqudgha
Makhleb
Nemelex Xobeh
Okawaru
Qazlal
Sif Muna
Trog
Uskayaw
Vehumet
Wu Jian
Yredelemnul
Zin
The Shining One
Beogh

Shops:
D:6 =

Annotations:
D:8 Grum


Innate Abilities, Weirdness & Mutations

You are resistant to torment.
Your stone body is resilient. (AC +6)
You are immune to poison.
You resist negative energy. (rN+)
You are resistant to electric shocks. (rElec)
You can survive without breathing.
You are immune to petrification.
You are immune to rotting.
You are agile. (Dex +2)
You possess an exceptional clarity of mind.
You expend magic power (3 MP) to strengthen your wands.


Message History

Casting: Sandblast (safe; 1% risk of failure)
Confirm with . or Enter, or press ? or * to list all spells.
Aiming: Sandblast (safe; 1% risk of failure)
Press: ? - help, Shift-Dir - straight line, f/p - wolf
Aim: a wolf (heavily wounded)
The blast of sand hits the wolf.
You kill the wolf!
b - 86 stones Grum hits you from afar with a spear!
* * * LOW HITPOINT WARNING * * *
Casting: Sandblast (safe; 1% risk of failure)
Confirm with . or Enter, or press ? or * to list all spells.
Aiming: Sandblast (safe; 1% risk of failure)
Press: ? - help, Shift-Dir - straight line, f - Grum
Aim: Grum, wielding a spear and wearing an animal skin The blast of sand hits Grum.
Grum is moderately wounded.
b - 85 stones Grum hits you from afar with a spear!
You die...

#.......#
#.......#
#..?....#
#.$.....#
#.......#
.##.......#
#..........gh.#
#.......#.#†###
###.......#.#@###
#......##.#.#...#
#......##.#.#...#
#...........#...#
#.....##....#...#
#.....<#(####.###
#..!...#......#
####'#.#..#####
#.#.#..#


You could see Grum and a wolf.

Vanquished Creatures
  A slime creature (D:7)
  Purgy (D:4)
  A black bear (D:7)
  A sky beast (D:7)
  2 wolves (D:8)
  2 necrophages
  3 ogres
  2 centaurs (D:6)
  3 bullfrogs
  A scorpion (D:4)
  A howler monkey (D:6)
  3 crimson imps (D:7)
  A bullfrog zombie (D:5)
  4 orc priests
  Crazy Yiuf (D:2)
  3 hounds
  A jelly (D:7)
  Jessica (D:3)
  A bullfrog skeleton (D:5)
  3 worker ants
  8 orc wizards
  A mummy (Ossuary)
  8 gnolls (D:3)
  Robin (D:2)
  10 adders
  A howler monkey skeleton (D:7)
  A shadow imp (D:8)
  2 oozes
  An adder zombie (D:7)
  4 worms
  A dart slug (D:2)
  4 leopard geckos
  23 orcs
  4 ball pythons
  9 giant cockroaches
  5 gnoll zombies (Ossuary)
  16 goblins
  14 hobgoblins
  6 jackals
  3 quokkas
  12 bats
  4 frilled lizards
  2 gnoll skeletons (Ossuary)
  2 goblin skeletons (Ossuary)
  2 goblin zombies (Ossuary)
  2 hobgoblin skeletons (Ossuary)
  2 hobgoblin zombies (Ossuary)
  17 kobolds
  2 kobold skeletons (Ossuary)
  5 kobold zombies (Ossuary)
  A leopard gecko skeleton (D:4)
  An orc zombie (Ossuary)
  A quokka skeleton (D:4)
  6 rats
  2 rat skeletons (Ossuary)
  A rat zombie (Ossuary)
220 creatures vanquished.

Vanquished Creatures (others)
  Menkaure (Ossuary)
  2 mummies (Ossuary)
  A gnoll zombie (Ossuary)
  3 gnoll skeletons (Ossuary)
  A goblin skeleton (Ossuary)
  2 goblin zombies (Ossuary)
  4 hobgoblin skeletons (Ossuary)
  3 kobold skeletons (Ossuary)
  A kobold zombie (Ossuary)
  An orc skeleton (Ossuary)
  2 orc zombies (Ossuary)
  3 rat skeletons (Ossuary)
  3 rat zombies (Ossuary)
27 creatures vanquished.

Grand Total: 247 creatures vanquished

Notes
Turn   | Place    | Note
-------+----------+-------------------------------------------
     0 | D:1      | Jynx the Gargoyle Earth Elementalist began the quest for
                  | the Orb.
     0 | D:1      | Reached XP level 1. HP: 10/10 MP: 3/3
   222 | D:1      | Reached skill level 4 in Earth Magic
   238 | D:1      | Reached XP level 2. HP: 13/15 MP: 0/5
   391 | D:1      | Learned a level 2 spell: Passwall
   751 | D:1      | Reached XP level 3. HP: 19/19 MP: 2/6
   996 | D:2      | Noticed Robin
  1159 | D:2      | Killed Robin
  1159 | D:2      | Reached skill level 5 in Earth Magic
  1253 | D:2      | Reached XP level 4. HP: 24/24 MP: 5/8
  1452 | D:2      | Found an iron altar of Okawaru.
  1937 | D:2      | Learned a level 4 spell: Petrify
  2241 | D:2      | Found a runed door.
  2282 | D:2      | Reached XP level 5. HP: 22/28 MP: 6/9
  2394 | D:2      | Noticed Crazy Yiuf
  2399 | D:2      | Killed Crazy Yiuf
  2399 | D:2      | Reached skill level 6 in Earth Magic
  2758 | D:3      | Reached skill level 1 in Short Blades
  2852 | D:3      | Reached XP level 6. HP: 27/32 MP: 11/11
  3846 | D:3      | Noticed Jessica
  3849 | D:3      | Killed Jessica
  3849 | D:3      | Reached skill level 7 in Earth Magic
  4223 | D:4      | Found a roughly hewn altar of Beogh.
  4232 | D:4      | Reached XP level 7. HP: 14/36 MP: 5/12
  4459 | D:4      | Noticed Purgy
  4469 | D:4      | Learned a level 5 spell: Lee's Rapid Deconstruction
  4477 | D:4      | Killed Purgy
  4623 | D:4      | Reached skill level 8 in Earth Magic
  5324 | D:5      | Entered Level 5 of the Dungeon
  5532 | D:5      | Reached XP level 8. HP: 40/41 MP: 10/14
  5588 | D:5      | Reached skill level 9 in Earth Magic
  5722 | D:5      | Found a staircase to the Ecumenical Temple.
  5731 | Temple   | Entered the Ecumenical Temple
  5891 | Temple   | Became a worshipper of Ashenzari the Shackled
  6337 | D:6      | Found Sizive Qeva's Jewellery Shoppe.
  6346 | D:6      | Bought a +3 ring of intelligence for 172 gold pieces
  6364 | D:6      | Reached skill level 5 in Spellcasting
  6914 | D:6      | Reached skill level 10 in Earth Magic
  7066 | D:6      | Reached XP level 9. HP: 45/45 MP: 17/17
  7558 | D:7      | Found a sand-covered staircase.
  7623 | Ossuary  | Entered an ossuary
  7985 | Ossuary  | Killed Menkaure
  8161 | D:7      | Reached * piety under Ashenzari
  8361 | D:7      | Reached skill level 11 in Earth Magic
  8380 | D:7      | Reached skill level 5 in Short Blades
  8549 | D:7      | Found a bloodstained altar of Trog.
  8676 | D:8      | Gained mutation: You expend magic power (3 MP) to
                  | strengthen your wands. [potion of mutation]
  8676 | D:8      | Gained mutation: You are agile. (Dex +2) [potion of
                  | mutation]
  8676 | D:8      | Gained mutation: You possess an exceptional clarity of
                  | mind. [potion of mutation]
  8697 | D:8      | Learned a level 3 spell: Stone Arrow
  8729 | D:8      | Noticed Grum
  8741 | D:8      | Mangled by Grum

Skill      XL: |  1  2  3  4  5  6  7  8  9 |
---------------+----------------------------+-----
Earth Magic    | 4 5 6 7 8 10 11 | 11.4
Spellcasting   | 3 4 5 6 |  6.2
Short Blades   | 1 2 3 4 5 |  5.2
Dodging        | |  1.5
Stealth        | |  2.1
Transmutations | |  0.7

Action                   |  1- 3 |  4- 6 |  7- 9 || total
-------------------------+-------+-------+-------++-------
Melee: Unarmed           |    20 |       |       ||    20
       Dagger            |    48 |   154 |   353 ||   555
       Short sword       |       |    29 |       ||    29
 Cast: Sandblast         |    51 |    71 |    55 ||   177
Invok: Curse Item        |       |       |     1 ||     1
  Use: Scroll            |     3 |     3 |    14 ||    20
       Potion            |       |       |     1 ||     1
 Stab: Sleeping          |       |     3 |     6 ||     9
       Distracted        |       |     1 |       ||     1
  Eat: Chunk             |     2 |     9 |    15 ||    26
Armor: Robe              |    45 |    91 |   140 ||   276
Dodge: Dodged            |    81 |   153 |   177 ||   411
